Map: Dusk Towers

Players

puCK (Nina)

  • Race: Protoss Protoss
  • League: Grandmaster

Zanster - Winner!

  • Race: Zerg Zerg

Event: Root's WW3

VOD

Have the link to the VOD?

Description

Time

  • Played on: Dec. 11, 2015, 4:29 a.m.
  • Length: 6:33

All games in this series

Show
View Real Time Build Order
Export as new Build Order

puCK Protoss 

Build Orders: Nexus First 

Get SALT Encoding   

  12  0:01  Probe (Chrono Boost)  
  13  0:12  Probe (Chrono Boost)  
  14  0:18  Pylon  
  14  0:22  Probe (Chrono Boost)  
  15  0:36  Probe (Chrono Boost)  
  16  0:47  Probe (Chrono Boost)  
  17  0:58  Nexus  
  17  1:01  Probe (Chrono Boost)  
  18  1:10  Gateway  
  18  1:12  Probe (Chrono Boost)  
  19  1:18  Assimilator  
  19  1:23  Probe (Chrono Boost)  
  20  1:26  Assimilator  
  20  1:33  Probe (Chrono Boost)  
  20  1:36  Pylon  
  21  1:44  Probe (Chrono Boost)  
  22  1:54  Probe (Chrono Boost)  
  22  1:56  Gateway  
  23  2:02  Cybernetics Core  
  23  2:05  Probe (Chrono Boost)  
  24  2:10  Probe (Chrono Boost)  
  26  2:15  Probe (Chrono Boost)  
  26  2:21  Probe (Chrono Boost)  
  27  2:26  Probe (Chrono Boost)  
  28  2:31  Probe (Chrono Boost)  
  28  2:37  Probe (Chrono Boost)  
  30  2:39  Adept, Warp Gate  
  30  2:42  Probe (Chrono Boost)  
  30  2:43  Adept  
  35  2:48  Mothership Core (Chrono Boost)  
  37  2:53  Probe (Chrono Boost)  
  38  3:03  Probe (Chrono Boost)  
  39  3:06  Probe (Chrono Boost)  
  40  3:14  Sentry, Nexus  
  40  3:15  Probe (Chrono Boost)  
  40  3:17  Probe (Chrono Boost)  
  44  3:25  Probe (Chrono Boost), Pylon  
  45  3:27  Probe (Chrono Boost)  
  46  3:34  Twilight Council  
  46  3:43  Probe x2 (Chrono Boost), Adept  
  50  3:53  Probe x2 (Chrono Boost)  
  50  3:54  Pylon  
  52  4:04  Probe (Chrono Boost)  
  53  4:11  Probe (Chrono Boost), Robotics Facility  
  53  4:13  Blink (Chrono Boost)  
  53  4:15  Gateway  
  53  4:16  Gateway, Probe  
  51  4:18  Gateway  
  51  4:21  Assimilator  
  51  4:22  Probe  
  51  4:23  Assimilator  
  52  4:26  Probe  
  52  4:29  Probe  
  54  4:32  Probe  
  54  4:33  Gateway  
  55  4:41  Pylon  
  55  4:42  Pylon  
  55  4:44  Sentry x2  
  58  4:48  Probe  
  58  4:49  Probe  
  58  4:52  Probe  
  60  4:57  Pylon  
  61  5:02  Gateway  
  61  5:03  Gateway  
  61  5:04  Probe  
  61  5:06  Probe  
  63  5:07  Probe, Gateway  
  63  5:08  Warp Prism (Chrono Boost)  
  66  5:17  Probe  
  66  5:18  Probe  
  66  5:19  Probe  
  69  5:24  Forge  
  69  5:29  Probe  
  69  5:30  Sentry x2, Probe x2  
  69  5:31  Sentry  
  72  5:35  Sentry  
  72  5:36  Sentry  
  72  5:41  Immortal, Pylon  
  67  5:45  Pylon x2  
  68  5:55  Pylon  
  68  5:59  Pylon  
  68  6:08  Zealot  
  68  6:09  Zealot  
  70  6:14  Zealot  
  62  6:20  Zealot  
Show
View Real Time Build Order
Export as new Build Order

Zanster Zerg - Winner!

Build Orders: 3 Hatch before Pool 

Get SALT Encoding   

  12  0:01  Drone  
  13  0:13  Overlord  
  13  0:17  Drone  
  14  0:32  Drone x2  
  16  0:36  Drone  
  17  0:53  Hatchery  
  17  0:54  Drone  
  17  0:58  Drone  
  18  1:08  Drone  
  19  1:21  Hatchery  
  19  1:23  Drone  
  19  1:35  Spawning Pool  
  19  1:39  Drone  
  19  1:42  Extractor  
  19  1:44  Drone  
  19  1:50  Drone  
  20  2:01  Drone  
  20  2:05  Drone  
  22  2:13  Drone  
  23  2:17  Drone  
  24  2:22  Queen x2  
  24  2:23  Overlord  
  28  2:33  Zergling x2  
  28  2:34  Queen  
  28  2:36  Drone  
  32  2:41  Drone x2  
  34  2:44  Drone  
  34  2:46  Drone  
  34  2:50  Metabolic Boost  
  36  2:53  Drone  
  36  2:56  Drone  
  36  2:57  Drone  
  39  3:03  Overlord  
  40  3:05  Drone  
  41  3:21  Zergling x6  
  41  3:22  Zergling x4  
  41  3:26  Overlord  
  44  3:34  Roach Warren  
  44  3:35  Drone x2, Extractor  
  44  3:36  Drone x6, Extractor  
  44  3:39  Drone  
  50  3:43  Overlord  
  50  3:47  Zergling x2  
  50  3:48  Zergling x4  
  52  3:49  Zergling x2  
  51  4:08  Overlord  
  49  4:16  Roach x6  
  49  4:17  Roach  
  63  4:19  Roach  
  65  4:25  Overlord  
  65  4:26  Overlord  
  65  4:29  Zergling x4  
  67  4:32  Zergling x2  
  67  4:33  Zergling x2  
  69  4:39  Zergling x8  
  70  4:47  Zergling x2  
  70  4:48  Zergling x6  
  72  4:53  Zergling x4  
  72  4:55  Ravager x2  
  72  4:56  Ravager  
  72  4:59  Zergling x4  
  79  5:00  Zergling x2  
  79  5:04  Ravager  
  79  5:06  Zergling x6  
  84  5:10  Ravager  
  84  5:11  Overlord  
  85  5:20  Zergling x2  
  85  5:21  Zergling x4  
  88  5:24  Ravager  
  89  5:35  Zergling x18  
  91  5:50  Drone x4  
  88  6:09  Zergling x16  
  88  6:18  Drone x6  
Tags
 
Add a new tag
Caveats
  • Supply blocks, unpowered buildings, or Contaminate may cause inaccurate times.
  • Supply counts are checked every 10 seconds.